 Dungeon Crawl Stone Soup version 0.24.0-13-gcf9b319 (webtiles) character file.

Game seed: 1474899256249687305, levelgen mode: deterministic

461 Ekaitz the Charmwright (level 7, -2/56 HPs)
             Began as a Gnoll Skald on Nov 30, 2019.
             Slain by an ogre
             ... wielding a +0 giant club
              (26 damage)
             ... on level 4 of the Dungeon.
             The game lasted 00:09:12 (3191 turns).

Ekaitz the Charmwright (Gnoll Skald)                Turns: 3191, Time: 00:09:13

Health: -2/56      AC: 12    Str: 14    XL:     7   Next: 7%
Magic:  14/15      EV: 13    Int: 16    God:
Gold:   151        SH:  0    Dex: 15    Spells: 6/17 levels left

rFire    . . .     SeeInvis .   a - +0 hand axe
rCold    + . .     Gourm    +   (no shield)
rNeg     . . .     Faith    .   b - +3 ring mail {rC+}
rPois    .         Spirit   .   l - +0 helmet
rElec    .         Reflect  .   v - +0 cloak
rCorr    .         Harm     .   (no gloves)
MR       .....     Rnd*Tele +   p - +0 pair of boots
Stlth    +.........             J - amulet of the gourmand
HPRegen  0.18/turn              s - ring of teleportation (curse)
MPRegen  0.14/turn              (no ring)

@: singing
A: distributed training, fangs 1, strong nose
a: no special abilities


You were on level 4 of the Dungeon.
You were hungry.

You visited 1 branch of the dungeon, and saw 4 of its levels.

You collected 151 gold pieces.

Inventory:

Hand Weapons
 a - a +0 hand axe (weapon)
 m - the +1 hand axe "Ryf Baeh" {freeze, *Rage rPois rN+++ Str-2}
   (You found it on level 4 of the Dungeon)

   It has been specially enchanted to freeze those struck by it, causing extra
   injury to most foes and up to half again as much damage against particularly
   susceptible opponents.
   It can also slow down cold-blooded creatures.
   It affects your strength (-2).
   It protects you from poison.
   It renders you almost immune to negative energy.
   It may make you go berserk in combat.
 x - a +0 hunting sling
 y - a +0 morningstar
 H - a +4 trident of distortion
Missiles
 i - 5 javelins (quivered)
 r - 13 boomerangs
 w - 37 sling bullets
 z - 160 stones
 B - 7 poisoned darts
 C - 14 bolts
Armour
 b - a +3 ring mail of cold resistance (worn)
 l - a +0 helmet (worn)
 p - a +0 pair of boots (worn)
 v - a +0 cloak (worn)
Jewellery
 s - a cursed ring of teleportation (left hand)
 J - an amulet of the gourmand (around neck)
Wands
 A - a wand of flame (8)
 D - a wand of disintegration (36)
Scrolls
 e - a scroll of random uselessness {unknown}
 f - a scroll of remove curse {unknown}
 g - a scroll of enchant weapon
 h - 2 scrolls of identify
 t - 3 scrolls of enchant armour
 u - a scroll of noise {unknown}
Potions
 c - 3 potions of agility {unknown}
 j - a potion of might {unknown}
 k - 3 potions of haste {unknown}
 n - 2 potions of ambrosia {unknown}
 o - a potion of degeneration {unknown}
 q - a potion of flight {unknown}
 E - a potion of lignification {unknown}
 F - a potion of brilliance {unknown}
 I - a potion of curing {unknown}
Comestibles
 d - 10 rations
 G - 2 chunks of flesh


   Skills:
 + Level 5.1 Fighting
 + Level 2.2 Short Blades
 + Level 2.2 Long Blades
 + Level 5.1 Axes
 + Level 2.2 Maces & Flails
 + Level 2.2 Polearms
 + Level 2.2 Staves
 + Level 2.2 Slings
 + Level 2.2 Bows
 + Level 2.2 Crossbows
 + Level 2.2 Throwing
 + Level 3.4 Armour
 + Level 5.1 Dodging
 + Level 2.2 Stealth
 + Level 2.2 Shields
 + Level 2.2 Unarmed Combat
 + Level 5.5 Spellcasting
 + Level 1.8 Conjurations
 + Level 1.8 Hexes
 + Level 5.7 Charms
 + Level 1.8 Summonings
 + Level 1.8 Necromancy
 + Level 1.8 Translocations
 + Level 1.8 Transmutations
 + Level 1.8 Fire Magic
 + Level 1.8 Ice Magic
 + Level 1.8 Air Magic
 + Level 1.8 Earth Magic
 + Level 1.8 Poison Magic
 + Level 2.4 Invocations
 + Level 2.2 Evocations


You had 6 spell levels left.
You knew the following spells:

 Your Spells              Type           Power        Failure   Level  Hunger
a - Infusion              Chrm           ###.         2%          1    None
b - Shroud of Golubria    Chrm/Tloc      ###...       10%         2    #......
c - Song of Slaying       Chrm           ###.....     4%          2    #......
d - Spectral Weapon       Hex/Chrm       ###.....     19%         3    ###....
r - Regeneration          Chrm/Necr      ###.......   19%         3    ###....

Your spell library contained the following spells:

 Spells                   Type           Power        Failure   Level  Hunger


Dungeon Overview and Level Annotations

Branches:
Dungeon (4/15)
 Temple: D:4-7

Altars:
Gozag

Annotations:
D:4 Blork the orc


Innate Abilities, Weirdness & Mutations

Your experience applies equally to all skills.
You have very sharp teeth.
Your uncanny sense of smell can sniff out nearby items.


Message History

The ogre hits you with a +0 giant club!
You are feeling hungry.
You hit the ogre but do no damage.
The ogre is moderately wounded.
The ogre hits you with a +0 giant club!
You hit the ogre.
The ogre is heavily wounded.
You barely miss the ogre.
The ogre is heavily wounded.
The ogre hits you with a +0 giant club!
You hit the ogre.
The ogre is heavily wounded.
The ogre closely misses you.
You barely miss the ogre.
The ogre is heavily wounded.
The ogre hits you but does no damage.
You barely miss the ogre.
The ogre is heavily wounded.
The ogre hits you with a +0 giant club!!
You die...

#.##### #......#
#......# #########
#......# #...#...##
#......#
#..#..###......#
∆#..#@.#...#......#
#..#.O#..##........# o#
.##...#...####......# .#
..######### #......# .#
........######......##.#
.................##.##.#
.................##..#..
.................###.#..
.................# #....


You could see an ogre.

Vanquished Creatures
  3 orc priests (D:4)
  An orc wizard (D:4)
  Terence (D:2)
  3 worker ants (D:4)
  Natasha (thrice) (D:3)
  A hound skeleton (D:4)
  Robin (D:2)
  4 adders
  A shadow imp (D:3)
  An adder skeleton (D:4)
  4 worms
  3 dart slugs
  2 leopard geckos
  12 orcs
  A ball python (D:2)
  A giant cockroach (D:3)
  14 goblins
  2 hobgoblins
  6 jackals
  3 kobolds
  4 bats
  2 frilled lizards
  9 rats
82 creatures vanquished.

Notes
Turn   | Place    | Note
-------+----------+-------------------------------------------
     0 | D:1      | Ekaitz the Gnoll Skald began the quest for the Orb.
     0 | D:1      | Reached XP level 1. HP: 20/20 MP: 6/6
   324 | D:1      | Reached XP level 2. HP: 22/26 MP: 7/7
   332 | D:1      | Learned a level 2 spell: Song of Slaying
   335 | D:1      | Learned a level 2 spell: Shroud of Golubria
  1112 | D:2      | Reached XP level 3. HP: 26/31 MP: 2/9
  1158 | D:1      | Learned a level 3 spell: Regeneration
  1163 | D:1      | Learned a level 3 spell: Spectral Weapon
  1210 | D:2      | Noticed Robin
  1213 | D:2      | Reached skill level 5 in Spellcasting
  1225 | D:2      | Killed Robin
  1225 | D:2      | Reached skill level 1 in Invocations
  1289 | D:2      | Noticed Terence
  1306 | D:2      | Killed Terence
  1306 | D:2      | Reached skill level 1 in Short Blades
  1306 | D:2      | Reached skill level 1 in Long Blades
  1306 | D:2      | Reached skill level 1 in Maces & Flails
  1306 | D:2      | Reached skill level 1 in Polearms
  1306 | D:2      | Reached skill level 1 in Staves
  1306 | D:2      | Reached skill level 1 in Slings
  1306 | D:2      | Reached skill level 1 in Bows
  1306 | D:2      | Reached skill level 1 in Crossbows
  1306 | D:2      | Reached skill level 1 in Throwing
  1306 | D:2      | Reached skill level 1 in Stealth
  1306 | D:2      | Reached skill level 1 in Shields
  1306 | D:2      | Reached skill level 1 in Unarmed Combat
  1306 | D:2      | Reached skill level 1 in Evocations
  1306 | D:2      | Reached XP level 4. HP: 28/38 MP: 0/11
  1586 | D:2      | Reached skill level 1 in Conjurations
  1586 | D:2      | Reached skill level 1 in Hexes
  1586 | D:2      | Reached skill level 1 in Summonings
  1586 | D:2      | Reached skill level 1 in Necromancy
  1586 | D:2      | Reached skill level 1 in Translocations
  1586 | D:2      | Reached skill level 1 in Transmutations
  1586 | D:2      | Reached skill level 1 in Fire Magic
  1586 | D:2      | Reached skill level 1 in Ice Magic
  1586 | D:2      | Reached skill level 1 in Air Magic
  1586 | D:2      | Reached skill level 1 in Earth Magic
  1586 | D:2      | Reached skill level 1 in Poison Magic
  1815 | D:3      | Noticed Natasha
  1825 | D:3      | Killed Natasha
  1825 | D:3      | Reached XP level 5. HP: 39/43 MP: 8/12
  1996 | D:3      | Noticed Natasha
  2007 | D:3      | Killed Natasha
  2073 | D:3      | Noticed Natasha
  2086 | D:3      | Killed Natasha
  2323 | D:3      | Found an opulent altar of Gozag.
  2341 | D:3      | Reached XP level 6. HP: 50/50 MP: 8/13
  2827 | D:4      | Reached skill level 5 in Fighting
  2827 | D:4      | Reached skill level 5 in Axes
  2827 | D:4      | Reached skill level 5 in Dodging
  2905 | D:4      | Reached XP level 7. HP: 31/56 MP: 0/15
  3073 | D:4      | Got an ebony hand axe
  3118 | D:4      | Identified the +1 hand axe "Ryf Baeh" {freeze, *Rage rPois
                  | rN+++ Str-2} (You found it on level 4 of the Dungeon)
  3124 | D:4      | Noticed Blork the orc
  3191 | D:4      | Slain by an ogre

Levels and vault maps discovered:
D:1:      co_arrival_random_square_maze, layout_basic
D:2:      layout_basic, uniq_robin, uniq_terence
D:3:      layout_basic, grunt_gozag_statues, first_ration,
          chequers_serial_rivers_micro_c, uniq_natasha
D:4:      layout_basic, marbit_many_paths, lightli_minifort, uniq_blork_the_orc

Skill      XL: |  1  2  3  4  5  6 |
---------------+-------------------+-----
Spellcasting   | 5 |  5.5
Invocations    | 1 2 |  2.4
Short Blades   | 1 2 |  2.2
Long Blades    | 1 2 |  2.2
Maces & Flails | 1 2 |  2.2
Polearms       | 1 2 |  2.2
Staves         | 1 2 |  2.2
Slings         | 1 2 |  2.2
Bows           | 1 2 |  2.2
Crossbows      | 1 2 |  2.2
Throwing       | 1 2 |  2.2
Stealth        | 1 2 |  2.2
Shields        | 1 2 |  2.2
Unarmed Combat | 1 2 |  2.2
Evocations     | 1 2 |  2.2
Conjurations   | 1 |  1.8
Hexes          | 1 |  1.8
Summonings     | 1 |  1.8
Necromancy     | 1 |  1.8
Translocations | 1 |  1.8
Transmutations | 1 |  1.8
Fire Magic     | 1 |  1.8
Ice Magic      | 1 |  1.8
Air Magic      | 1 |  1.8
Earth Magic    | 1 |  1.8
Poison Magic   | 1 |  1.8
Armour         | 3 |  3.4
Fighting       | 5 |  5.1
Axes           | 5 |  5.1
Dodging        | 5 |  5.1
Charms         | |  5.7

Action                   |  1- 3 |  4- 6 |  7- 9 || total
-------------------------+-------+-------+-------++-------
Melee: Hand axe          |    71 |   183 |    17 ||   271
       Bite              |     5 |    20 |     2 ||    27
 Cast: Infusion          |     3 |     9 |     1 ||    13
       Shroud of Golubri |     3 |     4 |     1 ||     8
       Regeneration      |     3 |     3 |     1 ||     7
       Song of Slaying   |       |     3 |     2 ||     5
  Use: Scroll            |       |       |     3 ||     3
 Stab: Sleeping          |     2 |     1 |       ||     3
  Eat: Chunk             |     1 |     6 |     1 ||     8
Armor: Leather armour    |     9 |       |       ||     9
       Scale mail        |       |    46 |       ||    46
       Ring mail         |       |    38 |     6 ||    44
Dodge: Dodged            |    54 |   116 |    18 ||   188
